 Dungeon Crawl Stone Soup version 0.29.0-4-gdea44cf6ec (webtiles) character file.

Game seed: 9070678379116433213

91 qw the Chopper (level 4, 0/26 HPs)
             Began as a Tengu Warper on Aug 28, 2022.
             Slain by a gnoll
             ... wielding a +0 spear
              (1 damage)
             ... on level 3 of the Dungeon.
             The game lasted 00:00:13 (2558 turns).

qw the Chopper (Tengu Warper)                       Turns: 2558, Time: 00:00:13

Health: 0/26       AC:  8    Str: 13    XL:     4   Next: 59%
Magic:  8/8        EV:  6    Int: 14    God:
Gold:   128        SH:  5    Dex: 13    Spells: 7/7 levels left

rFire   . . .      SeeInvis .   Y - +3 war axe (flame)
rCold   . . .      Faith    .   (no shield)
rNeg    . . .      Spirit   .   p - +0 chain mail
rPois   .          Reflect  +   (helmet restricted)
rElec   .          Harm     .   (no cloak)
rCorr   .          Rampage  .   (no gloves)
Will    +....                   (boots unavailable)
Stlth   ..........              b - amulet of reflection
HPRegen 0.08/turn               h - ring of willpower
MPRegen 0.11/turn               (no ring)

@: no status effects
A: beak, talons 3
a: no special abilities


You were on level 3 of the Dungeon.
You visited 1 branch of the dungeon, and saw 3 of its levels.

You collected 128 gold pieces.


Innate Abilities, Weirdness & Mutations

You have a beak for a mouth.
You have claws for feet.


   Skills:
 - Level 2.0 Fighting
 + Level 5.1 Axes
 - Level 1.0 Throwing
 - Level 1.1 Armour
 - Level 2.1 Dodging
 - Level 2.0 Spellcasting
 - Level 2.4 Translocations


You had 7 spell levels left.
You didn't know any spells.
Your spell library contained the following spells:

 Spells                   Type           Power      Damage    Failure   Level
 Blink                    Tloc           16%        N/A       99%         2
 Gell's Gravitas          Tloc           8%         N/A       100%        3
 Lesser Beckoning         Tloc           8%         N/A       100%        3
 Teleport Other           Tloc           8%         N/A       100%        3
 Manifold Assault         Tloc           8%         N/A       100%        5

Inventory:

Hand Weapons
 Y - a +3 war axe of flaming (weapon)
Missiles
 a - 2 boomerangs of dispersal (quivered)
Armour
 p - a +0 chain mail (worn)
Jewellery
 b - an amulet of reflection (around neck)
 c - a ring of fire
 h - a ring of willpower (left hand)
 n - a ring of fire
Potions
 e - a potion of degeneration {unknown}
 f - a potion of ambrosia {unknown}
 l - a potion of berserk rage {unknown}

Dungeon Overview and Level Annotations

Branches:
Dungeon (3/15)

Altars:


Message History

You hit Jessica but do no damage. Your peck misses Jessica.
Jessica hits you with a +0 club.
Jessica zaps a wand.
The puff of flame hits you.
You barely miss Jessica. You claw Jessica!
Jessica is almost dead.
Jessica hits you with a +0 club. You block Jessica's attack.
You closely miss Jessica. You peck Jessica, but do no damage.
Jessica is severely wounded.
You block Jessica's attack.
Jessica zaps a wand.
The puff of flame hits you.
You barely miss Jessica.
Jessica is severely wounded.
Jessica hits you but does no damage. x2
You barely miss Jessica. You claw Jessica.
You kill Jessica!
Your Axes skill increases to level 5!
You start resting.
A kobold comes into view. It is wielding a +0 dagger.
2546 ||| FLEEEEING.
A gnoll comes into view. It is wielding a +0 spear.
You see here 7 stones.
The gnoll shouts!
The gnoll throws a throwing net.
The throwing net hits you.
You become entangled in the net!
There is a stone staircase leading down here.
You see here a throwing net.
You struggle against the net.
A gnoll comes into view. It is wielding a +0 spear. x2
You struggle against the net.
The gnoll shouts! x2
The gnoll hits you from afar with a +0 spear.
You rip the net and break free!
The gnoll hits you but does no damage. You block the gnoll's attack.
You see here a wand of roots (6).
You completely miss the gnoll. Your kick misses the gnoll.
The gnoll hits you with a +0 spear.
You completely miss the gnoll. The gnoll closely misses you.
The gnoll hits you from afar with a +0 spear.
You die...

.## ## ... .. #.. #. #.# #. #.#
##### #. #.# #>.< # # #.
##.####.####.##### ####.#)##
#..gg....(........
........######>@#.##..###.#####
K###.#......(...#.##<.# #
#.########.#.##..# ...
######### #.... #$###. . #. #.


You could see 2 gnolls.

Vanquished Creatures
  Jessica (D:3)
  A gnoll (D:1)
  An adder (D:2)
  A worm (D:2)
  A dart slug (D:2)
  3 endoplasms
  2 giant cockroaches
  2 hobgoblins
  3 kobolds (D:2)
  2 quokkas (D:1)
  2 ball pythons
  3 bats
  3 frilled lizards
  8 goblins
  10 rats (D:1)
43 creatures vanquished.

Notes
Turn   | Place    | Note
-------+----------+-------------------------------------------
     0 | D:1      | qw the Tengu Warper began the quest for the Orb.
     0 | D:1      | Reached XP level 1. HP: 12/12 MP: 4/4
     0 | D:1      | 0 ||| qw: Version: 0.1-a-89-g26bdef1
     0 | D:1      | 0 ||| qw: Game counter: 1528
     0 | D:1      | 0 ||| qw: Always use a shield: true
     0 | D:1      | 0 ||| qw: God list: Okawaru
     0 | D:1      | 0 ||| qw: Allow faded altars: false
     0 | D:1      | 0 ||| qw: Do Orc after D:15 true
     0 | D:1      | 0 ||| qw: Do second Lair branch before Depths: true
     0 | D:1      | 0 ||| qw: Lair rune preference: random
     0 | D:1      | 0 ||| qw: Plans: Normal
     0 | D:1      | 0 ||| PLANNING D:1-11
   435 | D:1      | Reached skill level 3 in Axes
   435 | D:1      | Reached XP level 2. HP: 9/17 MP: 6/6
   695 | D:1      | HP: 2/17 [gnoll/+0 whip (6)]
   989 | D:1      | 989 ||| DROPPING +0 club.
  1010 | D:1      | Reached XP level 3. HP: 16/21 MP: 7/7
  1308 | D:1      | 1308 ||| DROPPING orb of energy.
  1309 | D:1      | 1309 ||| UPGRADING to +0 ring mail.
  1319 | D:1      | 1319 ||| DROPPING +0 leather armour.
  1320 | D:1      | 1320 ||| UPGRADING to ring of willpower.
  1321 | D:1      | 1321 ||| DROPPING scroll of blinking.
  1362 | D:2      | Reached skill level 4 in Axes
  1376 | D:2      | 1376 ||| Stepping ~*~*~tactically~*~*~ (stealth).
  1377 | D:2      | 1377 ||| Stepping ~*~*~tactically~*~*~ (stealth).
  1816 | D:2      | Reached XP level 4. HP: 26/26 MP: 8/8
  1836 | D:2      | 1836 ||| DROPPING +0 whip.
  2357 | D:2      | 2357 ||| UPGRADING to +0 chain mail.
  2367 | D:2      | 2367 ||| DROPPING +0 ring mail.
  2368 | D:2      | 2368 ||| UPGRADING to amulet of reflection.
  2373 | D:2      | 2373 ||| DROPPING ring of flight.
  2374 | D:2      | 2374 ||| READING scroll labelled YTUCIMUTORCH.
  2378 | D:2      | 2378 ||| READING scroll labelled RUNGE HORUN.
  2378 | D:2      | Identified a scroll of acquirement
  2378 | D:2      | 2378 ||| ACQUIRING +2 war axe of flaming
  2378 | D:2      | Acquired a +2 war axe of flaming
  2380 | D:2      | 2380 ||| SWAPPING to +2 war axe of flaming.
  2381 | D:2      | 2381 ||| DROPPING +2 whip of venom.
  2382 | D:2      | 2382 ||| DROPPING +0 hand axe.
  2383 | D:2      | 2383 ||| READING scroll labelled AFUANIZAIHA.
  2384 | D:2      | 2384 ||| READING scroll labelled SAOSHR VAYDOPUZ.
  2385 | D:2      | 2385 ||| READING scroll labelled CANGASHRIGGU.
  2435 | D:3      | Noticed Jessica
  2438 | D:3      | 2438 ||| Stepping ~*~*~tactically~*~*~ (hiding).
  2443 | D:3      | HP: 3/26 [Jessica/puff of flame (6)]
  2445 | D:3      | Killed Jessica
  2446 | D:3      | Reached skill level 5 in Axes
  2546 | D:3      | 2546 ||| FLEEEEING.
  2554 | D:3      | HP: 6/26 [gnoll/+0 spear (6)]
  2557 | D:3      | HP: 1/26 [gnoll/+0 spear (5)]
  2558 | D:3      | Slain by a gnoll

Levels and vault maps discovered:
D:1:      saegor_arrival_simple_e, layout_loops_ring, minmay_rat_gold_closets
D:2:      layout_loops_corners
D:3:      layout_loops_ring, lemuel_doored_altar, uniq_natasha,
          uniq_crazy_yiuf_cottage, uniq_jessica, uniq_terence

Skill      XL: |  1  2  3  4 |
---------------+-------------+-----
Axes           | 3 4 5 |  5.1
Fighting       | |  2.0
Throwing       | |  1.0
Armour         | |  1.1
Dodging        | |  2.1
Spellcasting   | |  2.0
Translocations | |  2.4

Action                   |  1- 3 |  4- 6 || total
-------------------------+-------+-------++-------
Melee: Hand axe          |    75 |    11 ||    86
       Kick              |    14 |     5 ||    19
       Peck              |     6 |     2 ||     8
       Punch             |     1 |       ||     1
       War axe           |       |     7 ||     7
Throw: Boomerang         |     7 |       ||     7
  Use: Scroll            |       |     5 ||     5
Armor: Leather armour    |     4 |       ||     4
       Ring mail         |    20 |     3 ||    23
       Chain mail        |       |     3 ||     3
Dodge: Dodged            |    33 |     3 ||    36
Block: Other             |       |     3 ||     3

Table legend:
 A = Non-vault XP
 B = Vault XP
 C = Vault XP percentage of total XP
 D = Non-vault monster count
 E = Vault monster count
 F = Vault count percentage of total count
                 A         B        C        D         E       F
            +---------+---------+-------+---------+---------+-------
      Total |      86 |      45 |  34.4 |      34 |       9 |  20.9
            +---------+---------+-------+---------+---------+-------
        D:1 |      35 |       8 |  18.6 |      15 |       8 |  34.8
        D:2 |      51 |       0 |   0.0 |      19 |       0 |   0.0
        D:3 |       0 |      37 | 100.0 |       0 |       1 | 100.0
            +---------+---------+-------+---------+---------+-------
